 Dungeon Crawl Stone Soup version 0.30-a0-297-g0ec75d9ef4 (webtiles) character file.

Game seed: 4834449370352478662

13 MrRokkomies the Sneak (level 2, -1/27 HPs)
             Began as an Armataur Delver on Oct 19, 2022.
             Slain by an adder (2 damage)
             ... on level 3 of the Dungeon.
             The game lasted 00:01:23 (573 turns).

MrRokkomies the Sneak (Armataur Delver)              Turns: 573, Time: 00:01:24

Health: -1/27      AC:  4    Str: 17    XL:     2   Next: 24%
Magic:  2/2        EV:  9    Int: 10    God:
Gold:   50         SH:  0    Dex: 11    Spells: 1/1 levels left

rFire   . . .      SeeInvis .    a - +0 mace
rCold   . . .      Faith    .    (no shield)
rNeg    . . .      Spirit   .    b - +0 leather armour
rPois   .          Reflect  .    (no helmet)
rElec   .          Harm     .    (no cloak)
rCorr   .          Roll     +    (no gloves)
Will    .....                    (no barding)
Stlth   +++.......               (no amulet)
HPRegen 0.24/turn                (no ring)
MPRegen 0.08/turn                (no ring)

@: lethally poisoned (-1 -> -3)
A: large, rugged brown scales 3, deformed body, armoured tail, roll, long
tongue, awkward tongue
a: no special abilities


You were on level 3 of the Dungeon.
You visited 1 branch of the dungeon, and saw 3 of its levels.

You collected 50 gold pieces.

Inventory:

Hand Weapons
 a - a +0 mace (weapon)
Missiles
 i - 3 javelins (quivered)
Armour
 b - a +0 leather armour (worn)
Wands
 g - a wand of digging (3)
Scrolls
 c - 2 scrolls of fog
 d - a scroll of magic mapping
 e - a scroll of fear
 k - a scroll of teleportation {unknown}
Potions
 f - a potion of haste
 h - 2 potions of curing {unknown}
 j - a potion of attraction {unknown}
 l - a potion of might {unknown}
 m - a potion of degeneration {unknown}


   Skills:
 * Level 3.0 Fighting
 - Level 1.7 Maces & Flails
 * Level 1.3 Armour
 + Level 1.5 Dodging
 - Level 5.4 Stealth


You had one spell level left.
You didn't know any spells.
Your spell library contained the following spells:

 Spells                   Type           Power      Damage    Failure   Level
 Hailstorm                Conj/Ice       0%         3d3       80%         3
 Ice Form                 Ice/Tmut       0%         N/A       99%         4
 Simulacrum               Ice/Necr       0%         N/A       100%        6


Dungeon Overview and Level Annotations

Branches:
Dungeon (5/15)
 Temple: D:4-7

Altars:


Innate Abilities, Weirdness & Mutations

You are completely covered in rugged brown scales. (AC +3, +7% HP)
Armour fits poorly on your strangely shaped body.
You have a long armoured tail.
You roll when moving toward enemies. (Rampage)
Your long tongue fully drains potion bottles. (2x potion effects)
Your tongue gives you trouble enunciating. (1.5x scroll delay)


Message History

You hit the adder.
Your tail-slap misses the adder.
The adder is almost dead.
You feel very sick. The adder bites you but does no damage.
The adder closely misses you.
You barely miss the adder.
Your tail-slap misses the adder.
The adder is almost dead.
You feel sick. The adder barely misses you.
You are too injured to fight recklessly!
You are too injured to fight recklessly!
You are too injured to fight recklessly!
You are too injured to fight recklessly!
You closely miss the adder.
The adder is almost dead.
You feel sick. The adder closely misses you.
The adder bites you but does no damage.
You miss the adder.
The adder is almost dead.
You feel sick. The adder bites you but does no damage.
The adder closely misses you.
You barely miss the adder.
The adder is almost dead.
You feel sick.
You are no longer poisoned.
The adder closely misses you. The adder barely misses you.
You miss the adder.
The adder is almost dead.
The adder bites you.
You are poisoned.
The adder poisons you!
You barely miss the adder.
The adder is almost dead.
You feel sick. The adder bites you.
* * * LOW HITPOINT WARNING * * *
The adder bites you.
* * * LOW HITPOINT WARNING * * *
You closely miss the adder.
Your tail-slap misses the adder.
The adder is almost dead.
* * * LOW HITPOINT WARNING * * *
You feel sick. The adder bites you.
You die...

###### # . # ### .## ##
#.. ..## .# #######.#
#.. .####.......# #.#
......#####.###.#
.........##.....########
.#######........@S......
.# ################# .#
.# ##


You could see an adder.

Vanquished Creatures
  An adder (D:4)
  A bat (D:3)
  A goblin (D:4)
  A kobold (D:4)
  A rat (D:3)
5 creatures vanquished.

Notes
Turn   | Place    | Note
-------+----------+-------------------------------------------
     0 | D:5      | MrRokkomies the Armataur Delver began the quest for the
                  | Orb.
     0 | D:5      | Reached XP level 1. HP: 19/19 MP: 1/1
     5 | D:5      | Noticed a scorpion
    29 | D:5      | Noticed a hound
   360 | D:4      | Reached skill level 1 in Armour
   360 | D:4      | Reached XP level 2. HP: 26/26 MP: 2/2
   572 | D:3      | HP: 1/27 [adder (4)]
   573 | D:3      | Slain by an adder

Illustrated notes

Levels and vault maps discovered:
D:3:      layout_loops_ring
D:4:      layout_basic, minmay_mini_ossuary
D:5:      layout_rooms, cheibrodos_sewer_entry_bend, kennysheep_potato

Skill      XL: |  1  2 |
---------------+-------+-----
Armour         | 1 |  1.3
Fighting       | 3 |  3.0
Maces & Flails | |  1.7
Dodging        | |  1.5
Stealth        | |  5.4

Action                   || total
-------------------------++-------
Melee: Mace              ||    23
       Tailslap          ||     1
Throw: Javelin           ||     1
 Stab: Sleeping          ||     2
Armor: Leather armour    ||     7
Dodge: Dodged            ||    15

Table legend: (Time is in decaauts)
 A = Elapsed time spent in this place.
 B = Non-inter-level travel time spent in this place.
 C = Inter-level travel time spent in this place.
 D = Time resting spent in this place.
 E = Time spent auto-exploring this place.
 F = Levels seen in this place.
 G = Mean time per level.
                   A        B        C        D        E       F      G
               +--------+--------+--------+--------+--------+-----+--------+
         Total |    580 |    570 |     10 |    288 |    155 |   3 |  193.3 |
       Dungeon |    580 |    570 |     10 |    288 |    155 |   3 |  193.3 |
               +--------+--------+--------+--------+--------+-----+--------+

Top non-repeatable levels by time:
     D:4: 374 daAuts
     D:3: 153 daAuts
     D:5: 52 daAuts
